 Dungeon Crawl Stone Soup version 0.30-a0-851-gbd0d260d8e (webtiles) character file.

Game seed: 5381459347200812060

647452 112233 the Intangible (level 27, -5/155 HPs)
             Began as a Spriggan Enchanter on Mar 2, 2023.
             Was an Initiate of Gozag.
             Killed from afar by a yellow draconian annihilator (41 damage)
             ... with a crystal spear
             ... on level 2 of the Realm of Zot on Mar 4, 2023.
             The game lasted 05:04:01 (127265 turns).

112233 the Intangible (Spriggan Enchanter)        Turns: 127265, Time: 05:04:02

Health: -5/155     AC: 11    Str:  4      XL:     27
Magic:  0/59       EV: 43    Int: 22 (25) God:    Gozag
Gold:   1374       SH: 10    Dex: 19      Spells: 2/79 levels left

rFire   + + .      SeeInvis +    F - +9 staff of Wucad Mu {*channel}
rCold   + + +      Faith    .    (shield currently unavailable)
rNeg    + . .      Spirit   +    Q - +2 robe {rC+ rF+}
rPois   +          Reflect  .    d - +2 hat of Virtue {rF+ rC++}
rElec   .          Rampage  .    q - +2 cloak of the Thief {*Fog Slay-2 SInv Stlth+}
rCorr   .                        (gloves unavailable)
Will    ++++.                    (boots unavailable)
Stlth   ++++++                   z - brooch of Shielding {Spirit SH+8}
HPRegen 0.45/turn                R - ring of wizardry
MPRegen 0.36/turn                s - ring of the Octopus King {rN+ HP+2 AC+2 EV+2 SH+2}

@: forested, gold aura, hasted and slowed, studying 2 skills, unable to drink,
very quick
A: very small, no large weapons, unfitting armour, see invisible, speed 3,
deterioration 1, dopey 1, high MP 1, poison resistance, MP-powered wands
}: 3/15 runes: serpentine, barnacled, silver
a: Renounce Religion, Potion Petition, Call Merchant, Bribe Branch


You were on level 2 of the Realm of Zot.
You worshipped Gozag.
Gozag was most pleased with you.
You visited 10 branches of the dungeon, and saw 45 of its levels.
You visited 1 ziggurat, and saw 16 of its levels.

You collected 32264 gold pieces.
You spent 11300 gold pieces at shops.
You paid 19590 gold pieces to Gozag.

Inventory:

Hand Weapons
 o - a +9 spectral quick blade
 F - the +9 staff of Wucad Mu (weapon) {*channel}
   (You acquired it on level 2 of the Orcish Mines)

   *Channel:  It occasionally powers its wielder's spells, but with a chance of
   causing confusion or draining the wielder's intelligence.
   It becomes more likely to activate and less likely to backfire with increased
   Evocations skill.
 O - the +8 trishula "Condemnation" {holy, anguish, *Noise Fly rN+}
   (You took it off a deep elf annihilator on level 3 of the Elven Halls)

   rN:        It protects you from negative energy.
   Fly:       It grants you flight.
   *Noise:    It may make noises in combat.
Missiles
 x - 5 throwing nets
Armour
 d - the +2 hat of Virtue (worn) {rF+ rC++}
   (You acquired it on level 1 of the Shoals)

   rF:        It protects you from fire.
   rC:        It greatly protects you from cold.
 q - the +2 cloak of the Thief (worn) {*Fog Slay-2 SInv Stlth+}
   (You found it on level 2 of the Elven Halls)

   *Fog:      It may release a thick cloud of smoke when the wearer is hurt.
   Slay:      It affects your accuracy & damage with ranged weapons and melee
   (-2).
   SInv:      It lets you see invisible.
   Stlth:     It makes you more stealthy.
 G - a scarf of invisibility
 Q - a +2 robe of resistance (worn)
Jewellery
 j - the ring "Wumeze" {+Blink rCorr Dex+2}
   (You found it on level 14 of a ziggurat)

   [ring of resist corrosion]

   Dex:       It affects your dexterity (+2).
   +Blink:    It lets you blink.
   rCorr:     It protects you from acid and corrosion.
 s - a ring of the Octopus King (right hand) {rN+ HP+2 AC+2 EV+2 SH+2}
   (You took it off a deep elf elementalist on level 3 of the Elven Halls)

   [ring of positive energy]

   AC:        It affects your AC (+2).
   EV:        It affects your evasion (+2).
   rN:        It protects you from negative energy.
   HP:        It affects your health (+2).
   SH:        It affects your SH (+2).
 z - the brooch of Shielding (around neck) {Spirit SH+8}
   (You bought it in a shop on level 2 of the Orcish Mines)

   [amulet of guardian spirit]

   It causes incoming damage to be divided between your reserves of health and
   magic.
   SH:        It affects your SH (+8).
 C - a +6 ring of dexterity
 R - a ring of wizardry (left hand)
Wands
 l - a wand of acid (7)
 H - a wand of roots (8)
 T - a wand of paralysis (35)
 V - a wand of mindburst (25)
 Z - a wand of digging (12)
Scrolls
 k - 10 scrolls of fog
 m - 9 scrolls of immolation
 n - 36 scrolls of identify
 u - 3 scrolls of amnesia
 w - 7 scrolls of poison
 y - 4 scrolls of blinking
 B - 5 scrolls of torment
 D - 9 scrolls of vulnerability
 E - 19 scrolls of teleportation
 J - 12 scrolls of magic mapping
 M - 9 scrolls of fear
 P - 6 scrolls of silence
 Y - 18 scrolls of enchant armour
Potions
 c - 6 potions of magic
 e - 6 potions of cancellation
 f - 3 potions of might
 g - 8 potions of ambrosia
 h - a potion of resistance
 p - 4 potions of heal wounds
 t - 14 potions of curing
 v - 10 potions of lignification
 A - 8 potions of attraction
 I - a potion of brilliance
 K - 8 potions of haste
 L - 3 potions of invisibility
 N - 9 potions of flight
 U - 16 potions of mutation
Miscellaneous
 a - a box of beasts
 b - a lightning rod (4/4)
 i - a phial of floods
 r - a tin of tremorstones (2/2)
 S - a condenser vane
 W - a phantom mirror


   Skills:
 - Level 18.5 Fighting
 - Level 8.0 Short Blades
 + Level 3.5 Staves
 O Level 27 Dodging
 - Level 11.5 Stealth
 + Level 26.6 Spellcasting
 - Level 16.8 Hexes
 - Level 7.4 Summonings
 - Level 19.5 Translocations
 - Level 10.3 Transmutations
 + Level 8.6 Ice Magic
 - Level 4.2 Earth Magic
 - Level 25.6 Evocations


You had 2 spell levels left.
You knew the following spells:

 Your Spells              Type           Power      Damage    Failure   Level
a - Discord               Hex            40%        N/A       2%          8
b - Disjunction           Tloc           43%        N/A       1%          8
c - Enfeeble              Hex            40%        N/A       1%          7
d - Yara's Violent Unrav  Hex/Tmut       36%        3d15      1%          5
e - Summon Mana Viper     Hex/Summ       70%        N/A       1%          5
f - Blink                 Tloc           100%       N/A       0%          2
g - Apportation           Tloc           100%       N/A       0%          1
h - Summon Forest         Summ/Tloc      36%        N/A       1%          5
i - Manifold Assault      Tloc           86%        N/A       0%          4
j - Statue Form           Tmut/Erth      38%        N/A       3%          6
k - Passwall              Tmut/Erth      47%        N/A       1%          2
l - Borgnjor's Vile Clut  Necr/Erth      19%        N/A       5%          5
m - Irradiate             Conj/Tmut      25%        3d20      1%          5
n - Malign Gateway        Summ/Tloc      36%        N/A       1%          7
o - Ozocubu's Refrigerat  Ice            30%        4d14      11%         7

Your spell library contained the following spells:

 Spells                   Type           Power      Damage    Failure   Level
 Beastly Appendage        Tmut           100%       N/A       0%          1
 Ensorcelled Hibernation  Hex/Ice        100%       N/A       0%          2
 Lesser Beckoning         Tloc           100%       N/A       0%          2
 Foxfire                  Conj/Fire      100%       2x1d9     1%          1
 Freeze                   Ice            100%       1d10      1%          1
 Magic Dart               Conj           100%       1d8       1%          1
 Necrotise                Necr           100%       1d9       1%          1
 Sandblast                Erth           94%        2d19      1%          1
 Summon Small Mammal      Summ           100%       N/A       1%          1
 Cigotuvi's Dreadful Rot  Necr/Pois/Air  58%        N/A       1%          2
 Momentum Strike          Conj/Tloc      100%       3d10      1%          2
 Poisonous Vapours        Pois/Air       58%        N/A       1%          2
 Scorch                   Fire           58%        2d7       1%          2
 Searing Ray              Conj           58%        2d6       1%          2
 Static Discharge         Conj/Air       58%        2-5/arc   1%          2
 Sublimation of Blood     Necr           29%        N/A       1%          2
 Wereblood                Tmut           65%        N/A       1%          2
 Confusing Touch          Hex            80%        N/A       0%          3
 Gell's Gravitas          Tloc           86%        N/A       0%          3
 Portal Projectile        Hex/Tloc       100%       N/A       0%          3
 Summon Guardian Golem    Hex/Summ       70%        N/A       0%          3
 Teleport Other           Tloc           86%        N/A       0%          3
 Tukima's Dance           Hex            80%        N/A       0%          3
 Cause Fear               Hex            40%        N/A       0%          4
 Passage of Golubria      Tloc           86%        N/A       0%          4
 Call Canine Familiar     Summ           58%        N/A       1%          3
 Dazzling Flash           Conj/Hex       100%       N/A       1%          3
 Frozen Ramparts          Ice            100%       1d16      1%          3
 Hailstorm                Conj/Ice       48%        3d11      1%          3
 Inner Flame              Hex/Fire       60%        N/A       1%          3
 Kindle Blastsparks       Fire/Tloc/Air  100%       2d18      1%          3
 Ozocubu's Armour         Ice            61%        N/A       1%          3
 Stone Arrow              Conj/Erth      76%        3d11      1%          3
 Swiftness                Air            29%        N/A       1%          3
 Vampiric Draining        Necr           29%        2d8       1%          3
 Vhi's Electric Charge    Tloc/Air       100%       N/A       1%          3
 Anguish                  Hex/Necr       30%        N/A       1%          4
 Animate Armour           Summ/Erth      100%       N/A       1%          4
 Fulminant Prism          Conj/Hex       30%        3d16      1%          4
 Ice Form                 Ice/Tmut       63%        N/A       1%          4
 Iskenderun's Mystic Bla  Conj/Tloc      64%        2d13      1%          4
 Petrify                  Tmut/Erth      57%        N/A       1%          4
 Summon Ice Beast         Ice/Summ       59%        N/A       1%          4
 Summon Lightning Spire   Summ/Air       45%        N/A       1%          4
 Alistair's Intoxication  Tmut/Pois      34%        N/A       1%          5
 Blade Hands              Tmut           32%        N/A       1%          5
 Metabolic Englaciation   Hex/Ice        35%        N/A       1%          5
 Silence                  Hex/Air        30%        N/A       1%          5
 Dispersal                Tloc           43%        N/A       1%          6
 Summon Cactus Giant      Summ           29%        N/A       3%          6
 Airstrike                Air            14%        2d(3-19)  4%          4
 Dispel Undead            Necr           29%        3d13      4%          4
 Flame Wave               Conj/Fire      29%        2d9       4%          4
 Olgreb's Toxic Radiance  Pois           29%        N/A       4%          4
 Sticky Flame             Conj/Fire      29%        2d5       4%          4
 Freezing Cloud           Conj/Ice/Air   20%        6-21      4%          5
 Dragon Form              Tmut           32%        N/A       6%          7
 Agony                    Necr           29%        N/A       12%         5
 Fireball                 Conj/Fire      14%        3d8       12%         5
 Lightning Bolt           Conj/Air       14%        1d28      12%         5
 Monstrous Menagerie      Summ           29%        N/A       17%         7
 Summon Hydra             Summ           29%        N/A       17%         7
 Iron Shot                Conj/Erth      19%        9d4       26%         6
 Storm Form               Tmut/Air       25%        N/A       41%         7
 Conjure Ball Lightning   Conj/Air       14%        3x3d6     52%         6
 Death Channel            Necr           14%        N/A       52%         6
 Starburst                Conj/Fire      14%        6d6       52%         6
 Spellforged Servitor     Conj/Summ      22%        N/A       58%         7
 Summon Horrible Things   Summ           29%        N/A       77%         8
 Necromutation            Tmut/Necr      25%        N/A       96%         8
 Orb of Destruction       Conj           14%        9d7       97%         7
 Borgnjor's Revivificati  Necr           14%        N/A       100%        8
 Ignition                 Fire           14%        3d6       100%        8
 Lehudib's Crystal Spear  Conj/Erth      19%        10d6      100%        8
 Maxwell's Capacitive Co  Air            14%        ∞         100%        8
 Death's Door             Necr           14%        N/A       100%        9
 Dragon's Call            Summ           29%        N/A       100%        9
 Polar Vortex             Ice            30%        N/A       100%        9
 Shatter                  Erth           23%        3d20*     100%        9


Dungeon Overview and Level Annotations

Branches:
Dungeon (15/15)            Temple (1/1) D:6            Lair (5/5) D:9
 Shoals (4/4) Lair:2        Snake (4/4) Lair:3        Slime (0/5) Lair:4
    Orc (2/2) D:9             Elf (3/3) Orc:2        Vaults (5/5) D:13
  Crypt (0/3) Vaults:2     Depths (4/4) D:15            Zot (2/5) Depths:4

Altars:
Cheibriados
Elyvilon
Fedhas
Gozag
Hepliaklqana
Kikubaaqudgha
Makhleb
Nemelex Xobeh
Okawaru
Qazlal
Sif Muna
Trog
Uskayaw
Vehumet
Wu Jian
Zin
The Shining One

Shops:
D:1 (   D:2 :   D:4 *   D:8 :   D:9 *:*   Orc:2 *?=:[:   Elf:1 :   Shoals:1 [
Shoals:2 (*:   Snake:1 *   Snake:4 !   Vaults:2 *   Depths:1 ????   Depths:3 [
Depths:4 ::

Portals:
Hell: Depths:1 Depths:2 Depths:3 Depths:4
Abyss: Depths:2 Depths:3 Depths:4
Pandemonium: Depths:2 Depths:3 Depths:4

Annotations:
D:7 2 transporters
D:10 exclusion: downstairs
Lair:4 1 runed translucent door
Lair:5 exclusion: 5 oklob plants
Snake:3 exclusion: upstairs
Orc:2 1 runed translucent door, Opifex's ghost, journeyman HOMo
Elf:1 6 runed translucent doors
Elf:2 3 runed translucent doors
Vaults:2 6 runed translucent doors
Depths:1 exclusion: downstairs
Zot:1 3 runed translucent doors, Ubodu's ghost, legendary MiFi; Wyzoinim's ghost, legendary GrMo


Innate Abilities, Weirdness & Mutations

You are very small and have problems with some larger weapons.
You are too small for most types of armour.
You have supernaturally acute eyesight. (SInv)
You cover ground extremely quickly. (Speed+++)
Your body sometimes deteriorates upon taking damage.
You are dopey. (Int -2)
You have an increased reservoir of magic. (+10% MP)
Your system is resistant to poisons. (rPois)
You expend magic power (3 MP) to strengthen your wands.


Message History

The yellow draconian annihilator spits acid at you.
The glob of acid hits you!!
Your body deteriorates!
You feel dopey.
The white draconian breathes frost at you.
The blast of cold hits you. You resist.
The white draconian stormcaller calls down the wrath of Qazlal upon you.
Qazlal smites you! You block the black draconian's attack.
The Killer Klown karate-kicks you with a +11 club.
* * * LOW HITPOINT WARNING * * *
The death cob hits the Killer Klown!!!
The Killer Klown dies!
The red draconian scorcher completely misses you.
The yellow draconian annihilator completely misses you.
The white draconian completely misses you.
A yellow draconian annihilator comes into view.
It is wielding a +0 dagger.
The white draconian stormcaller calls down the wrath of Qazlal upon you.
Qazlal smites you!
* * * LOW HITPOINT WARNING * * *
The black draconian breathes lightning at you.
The bolt of lightning misses you.
The red draconian scorcher completely misses you.
You hear a roar! x2
Unknown command.
Okay, then.
Unknown command. [a] - 300 gold - haste [b] - 468 gold - resistance and invisibility [c] - 286 gold - heal wounds, curing and berserk rage Purchase which effect?
You feel yourself speed up.
Something hits the white draconian stormcaller!!
Something drains the white draconian stormcaller's vigour!
The white draconian stormcaller seems to slow down.
Something hits the white draconian stormcaller!!!
Something hits the white draconian stormcaller!!
The white draconian stormcaller dies!
The yellow draconian annihilator gestures at you while chanting.
The crystal spear hits you!!!
You die...
Your body crumbles into a pile of gold.

...## .... ...#### .....#
.[..# ..?# #
.####♣♣♣♣♣♣♣##♣#♣♣.#####q.
.......)§§§.§q♣dqd.qD...D.
.......♣§♣§§♣@dq§.°...$...
.........)§§zqdD§°.q......
..###....♣##♣♣♣♣#♣#♣d.....
#...## .z$..## #...#
....... ##### ...D...
.#.#.#. .......$ .#:#.#.


You could see a green draconian monk, a black draconian, a yellow draconian, a
white draconian (catching breath), a quicksilver dragon (poisoned), a yellow
draconian annihilator (catching breath), a red draconian scorcher and a neutral
death cob (fast, strong, insane).

Vanquished Creatures
  Mara (Shoals:3)
  An ancient lich (Vaults:5)
  Mennas (Depths:4)
  A juggernaut (Zig:16)
  Xtahua (Depths:4)
  A shard shrike (Zig:13)
  A pandemonium lord (Zig:2)
  Vashnia (Snake:2)
  Nikola (Vaults:3)
  A golden dragon (Vaults:5)
  A profane servitor (Zig:14)
  2 bone dragons
  A walking crystal tome (Depths:2)
  A hellephant (Zig:5)
  A tentacled monstrosity (Depths:2)
  2 liches
  A deep elf master archer (Elf:2)
  The ghost of M4edhros the Peltast, an adept OpAr of Zin (Elf:2)
  3 death cobs
  5 titans
  2 deep elf blademasters
  5 sphinxes
  The ghost of zibby the Impaler, an adept DsGl of Yredelemnul (Elf:1)
  Polyphemus (Shoals:2)
  4 shadow dragons (Vaults:5)
  Roxanne (Elf:3)
  8 tengu reavers
  Donald (Shoals:4)
  A nagaraja (Snake:4)
  2 storm dragons (Vaults:5)
  2 draconian monks (Depths:4)
  10 frost giants
  2 narguns (Zig:13)
  13 vault wardens
  A draconian knight (Depths:4)
  5 deep elf sorcerers
  The ghost of Deamich the Covert, a journeyman DsBr of Cheibriados (Elf:1)
  10 fire giants
  An iron dragon (Vaults:5)
  4 ghost moths
  3 emperor scorpions (Zig:12)
  A draconian shifter (Depths:4)
  15 ironbound preservers
  4 orc warlords
  Louise (Shoals:4)
  4 deep elf elementalists (Elf:3)
  2 spriggan defenders (Depths:3)
  A caustic shrike skeleton (Depths:3)
  17 very ugly things
  12 stone giants
  6 ironbound thunderhulks
  2 vampire knights
  A green draconian (Zot:1)
  A lorocyproca (Depths:3)
  5 deep elf annihilators
  3 deep elf demonologists
  2 red draconians
  A yellow draconian (Depths:4)
  Nessos (D:15)
  5 spark wasps
  2 wendigos (Zig:13)
  5 dire elephants
  A black draconian (Zot:1)
  2 purple draconians (Zot:1)
  Snorg (Lair:4)
  11 ettins
  4 deep elf death magi
  4 merfolk javelineers
  8 merfolk impalers
  5 fire dragons
  3 deep elf high priests
  3 entropy weavers
  10 yaktaur captains
  Josephine (D:15)
  6 great orbs of eyes
  9 ice dragons
  4 hydras
  A salamander tyrant (Depths:2)
  4 catoblepae
  5 ironbound frosthearts
  8 vault guards
  2 rakshasas
  3 death knights
  9 anacondas
  11 centaur warriors
  A two-headed ogre (shapeshifter) (Vaults:5)
  4 spriggan air magi
  5 merfolk avatars
  An alligator snapping turtle (Shoals:4)
  9 dancing weapons
  4 death yaks
  3 deep troll shamans
  7 two-headed ogres
  4 merfolk aquamancers
  10 boulder beetles
  11 naga warriors
  8 tengu warriors
  A vampire mage (Depths:2)
  5 deep troll earth magi
  8 orc high priests
  5 shock serpents
  7 deep elf knights
  13 naga sharpshooters
  4 spriggan berserkers
  A soul eater (Zig:4)
  4 skysharks
  A fire crab (Shoals:1)
  3 iron trolls
  A pharaoh ant (Zig:12)
  2 sixfirhies
  2 shadow wraiths
  A skeletal warrior (D:15)
  2 salamander mystics
  2 wretched stars (Zig:14)
  Lodul (D:14)
  A death drake (shapeshifter) (D:15)
  8 sea snakes
  2 spriggan druids (Depths:3)
  A flayed ghost (Depths:1)
  2 shadow demons
  29 deep trolls
  A glowing orange brain (shapeshifter) (Vaults:2)
  A swamp dragon (Zig:7)
  2 naga ritualists
  A kraken simulacrum (Shoals:4)
  5 glowing orange brains
  An orb spider (Zig:12)
  A quicksilver dragon simulacrum (Depths:3)
  7 harpies
  12 ironbound convokers
  4 phantasmal warriors
  10 lindwurms
  2 necromancers
  6 wizards
  12 deep elf archers
  22 deep elf pyromancers
  9 deep elf zephyrmancers
  2 mana vipers
  7 orc knights
  8 manticores
  4 orc sorcerers
  4 cyclopes
  37 ugly things
  11 fauns
  8 moths of wrath
  A wolf spider (D:15)
  3 salamanders
  12 merfolk sirens
  10 naga magi
  4 water nymphs
  16 elephants
  30 black mambas
  4 guardian serpents (Snake:4)
  2 molten gargoyles (Lair:5)
  16 vault sentinels
  2 gargoyles (D:12)
  Maurice (D:11)
  8 cane toads
  2 smoke demons (Zig:14)
  3 large abominations
  A cane toad (shapeshifter) (Depths:2)
  3 unseen horrors
  2 kobold demonologists (D:10)
  13 komodo dragons
  2 tengu conjurers
  9 yaktaurs
  A guardian mummy (Zig:10)
  2 freezing wraiths
  2 rime drakes
  3 efreet
  8 trolls
  2 polar bears
  7 wind drakes
  A nameless horror (Elf:1)
  5 hornets
  A wolf spider simulacrum (D:15)
  26 merfolk
  13 blink frogs
  Prince Ribbit (D:9)
  A hornet (shapeshifter) (D:13)
  A raiju (Zig:14)
  7 snapping turtles
  16 dream sheep
  13 slime creatures
  10 water elementals
  Sigmund (D:6)
  4 air elementals
  3 jumping spiders (Lair:3)
  2 shadows
  10 wyverns
  32 yaks
  A ynoxinul (Zig:14)
  A vampire (D:10)
  5 fire bats
  19 spriggans
  An ushabti (Zig:10)
  12 wraiths
  9 basilisks
  Eustachio (D:6)
  A neqoxec (Zig:14)
  4 steam dragons
  A vampire mosquito (D:10)
  7 wargs
  An acid dragon (D:9)
  22 nagas
  8 water moccasins
  5 hell hounds (Lair:5)
  3 sky beasts
  46 orc warriors
  A black bear (D:9)
  A black bear (shapeshifter) (D:13)
  An ice beast (Temple)
  20 ogres
  16 centaurs
  8 wolves
  A centaur (shapeshifter) (Vaults:5)
  7 bullfrogs
  3 kobold brigands
  2 scorpions
  3 earth elementals
  A gnoll sergeant (D:10)
  8 wights
  A killer bee (D:10)
  An electric eel (Elf:3)
  4 howler monkeys
  6 lava snakes
  13 orc priests
  4 hounds
  4 jellies
  A gnoll bouda (D:6)
  2 starcursed masses (Zig:14)
  2 sleepcaps
  5 iguanas
  22 orc wizards
  6 hell rats
  2 mummies (Zig:10)
  5 adders
  12 gnolls
  2 white imps
  4 worms
  4 dart slugs
  48 orcs
  6 endoplasms
  5 giant cockroaches
  5 goblins
  3 hobgoblins
  3 jackals (D:2)
  3 quokkas
  6 ball pythons
  5 bats
  4 frilled lizards
  16 kobolds
  3 rats
  8 snaplasher vines
1412 creatures vanquished.

Vanquished Creatures (collateral kills)
  3 dread liches
  An orb of fire (Zot:1)
  2 juggernauts (Zig:16)
  A royal mummy (Zig:10)
  Sojobo (Vaults:3)
  Frederick (Depths:3)
  3 Killer Klowns
  A curse toe (Zot:2)
  3 golden dragons
  A bone dragon (Zig:14)
  2 Brimstone Fiends
  Zenata (Elf:2)
  An Ice Fiend (Zig:13)
  9 tentacled monstrosities
  2 quicksilver dragons
  The ghost of Oshuy the Hoplite, an adept GrFi of Hepliaklqana (Vaults:2)
  2 titans (Vaults:5)
  A deep elf master archer (Elf:3)
  3 acid blobs (Zig:11)
  3 sphinxes (Vaults:5)
  A sphinx (shapeshifter) (Zig:9)
  Frances (Elf:1)
  2 tentacled starspawn (Zig:14)
  An eldritch tentacle (Zig:13)
  An Executioner (Zig:15)
  2 death cobs
  3 storm dragons
  3 shadow dragons
  A rockslime (Zig:11)
  A draconian monk (Zot:2)
  A fire giant (shapeshifter) (Zig:9)
  4 tengu reavers
  4 nagarajas
  A nargun (Zig:13)
  A fenstrider witch (Zig:7)
  An azure jelly (Zig:11)
  2 fire giants
  A frost giant (Depths:2)
  A draconian scorcher (Zot:1)
  An azure jelly (shapeshifter) (Zig:9)
  11 vault wardens
  2 angels
  A deep elf sorcerer (Elf:3)
  2 balrugs
  A draconian shifter (Zot:1)
  2 deep elf elementalists (Elf:3)
  A draconian stormcaller (Zot:2)
  11 ironbound preservers
  An ironbound thunderhulk (Vaults:4)
  2 draconian annihilators (Zot:2)
  An orc warlord (Vaults:1)
  2 war gargoyles (Vaults:5)
  A quicksilver ooze (Zig:11)
  17 very ugly things
  4 stone giants
  3 green draconians (Zot:2)
  2 black draconians (Zot:1)
  4 yellow draconians
  2 deep elf annihilators
  4 deep elf demonologists
  4 purple draconians
  4 white draconians
  3 red draconians
  2 wendigos (Zig:13)
  A crystal guardian (Vaults:2)
  A deep elf death mage (Elf:3)
  2 mummy priests (Zig:10)
  A blizzard demon (Zig:14)
  2 fire dragons
  3 ettins
  An entropy weaver (Zig:12)
  A deep elf high priest (Elf:3)
  A quicksilver dragon zombie (Zig:10)
  2 great orbs of eyes
  A hydra (Zig:7)
  4 yaktaur captains
  A salamander tyrant (Zig:8)
  A death knight (Vaults:2)
  28 vault guards
  A peacekeeper (Vaults:2)
  2 ogre magi (Vaults:5)
  An ironbound frostheart (Vaults:3)
  2 two-headed ogres
  2 anacondas (Snake:4)
  8 centaur warriors
  3 deep troll shamans
  15 dancing weapons
  3 deep troll earth magi
  3 naga warriors
  A vampire mage (Depths:2)
  2 orc high priests
  3 death scarabs (Zig:10)
  9 naga sharpshooters
  5 hell knights
  A spriggan berserker (Depths:4)
  11 deep elf knights
  A sun moth (Zig:12)
  A pharaoh ant (Zig:12)
  2 salamander mystics
  A shadow wraith (Vaults:5)
  5 iron trolls
  A goliath frog (Zig:7)
  A shadow demon (Zig:9)
  2 flayed ghosts (Vaults:5)
  A sea snake (Snake:4)
  An orange crystal statue (Zig:8)
  An orb spider (shapeshifter) (Depths:2)
  A bog body (Zig:7)
  A glowing orange brain (Depths:4)
  22 deep trolls
  3 naga ritualists
  9 deep elf archers
  A wizard (Vaults:4)
  An orb spider (Zig:12)
  2 necromancers
  18 deep elf zephyrmancers
  An orc knight (Vaults:1)
  A steelbarb worm (Zig:12)
  3 phantasmal warriors (Vaults:5)
  4 ironbound convokers
  2 obsidian statues (Zig:8)
  A fire giant zombie (Depths:3)
  5 harpies (Vaults:2)
  13 deep elf pyromancers
  6 lindwurms
  An orc sorcerer (Elf:1)
  A salamander (Depths:2)
  A wolf spider (Zig:12)
  13 ugly things
  10 moths of wrath
  4 black mambas
  6 vault sentinels
  An ice statue (Zig:8)
  17 slime creatures
  A merfolk siren (Shoals:4)
  A guardian serpent (Zig:8)
  3 apocalypse crabs
  A smoke demon (Zig:14)
  An eye of devastation (Zig:11)
  2 hellions
  A naga mage (Snake:4)
  A water nymph (shapeshifter) (Zig:9)
  3 yaktaurs
  A tengu conjurer (Depths:2)
  A red devil (Depths:3)
  A guardian mummy (Zig:10)
  2 meliai (Zig:12)
  A merfolk (Shoals:4)
  2 tarantellas
  2 hornets (Zig:7)
  A jumping spider (Zig:12)
  An air elemental (Elf:2)
  3 flying skulls (Zig:10)
  6 spriggans
  3 culicivoras
  2 water elementals (Elf:3)
  A ynoxinul (Depths:3)
  4 fire elementals
  2 fire bats (Depths:1)
  2 ushabtiu (Zig:10)
  A redback (shapeshifter) (Depths:2)
  2 redbacks
  A vampire mosquito (Zig:7)
  2 chaos spawn
  A warg (Zig:16)
  9 nagas
  An orc warrior (Zig:16)
  6 ogres
  4 centaurs
  11 starcursed masses (Zig:14)
  4 wights
  2 orc priests
  3 orc wizards
  9 mummies (Zig:10)
  11 orcs
  2 bushes (Depths:3)
567 creatures vanquished.

Vanquished Creatures (others)
  An ancient lich (Vaults:5)
  A shard shrike (Zig:13)
  A golden dragon (Depths:4)
  12 eldritch tentacles
  A tentacled starspawn (Zig:14)
  A draconian monk (Zot:2)
  2 tengu reavers (Vaults:5)
  A nagaraja (Zig:8)
  2 storm dragons (Depths:4)
  A nargun (Zig:13)
  2 draconian knights
  A vault warden (Vaults:5)
  2 frost giants (Vaults:5)
  A demonspawn corrupter (Zig:14)
  An orc warlord (Zig:16)
  3 very ugly things
  A deep elf demonologist (Elf:2)
  A war gargoyle (Vaults:5)
  A vampire knight (Depths:4)
  A yellow draconian (Zot:2)
  A white draconian (Zot:2)
  A wendigo (Zig:13)
  A green draconian (Zot:2)
  A red draconian (Zot:2)
  A deep elf annihilator (Elf:3)
  A spark wasp (Zig:12)
  2 ettins (Vaults:5)
  An entropy weaver (Vaults:3)
  A deep elf high priest (Elf:3)
  6 vault guards
  2 centaur warriors (Vaults:4)
  A merfolk aquamancer (Shoals:4)
  A naga warrior (Zig:8)
  A deep troll shaman (Depths:3)
  A naga sharpshooter (Zig:8)
  2 orc high priests
  6 deep elf knights
  A hell knight (Depths:4)
  An iron troll (Depths:4)
  A sea snake (shapeshifter) (Vaults:5)
  3 deep trolls
  3 ironbound convokers
  2 harpies (Vaults:2)
  A deep elf archer (Elf:2)
  A lindwurm (Vaults:3)
  3 deep elf zephyrmancers
  A deep elf pyromancer (Elf:2)
  3 wolf spiders
  2 ugly things (Zig:9)
  A cyclops (Zig:16)
  3 moths of wrath
  A vault sentinel (Vaults:5)
  An apocalypse crab (Zig:14)
  2 smoke demons (Zig:14)
  2 naga magi
  2 black mambas (Zig:8)
  A freezing wraith (Vaults:5)
  A hellion (Zig:13)
  A tormentor (Zig:15)
  A yaktaur (Vaults:3)
  A golden dragon simulacrum (Zig:13)
  2 guardian mummies (Zig:10)
  An ancient zyme (Zig:14)
  A tarantella (Zig:12)
  A tengu simulacrum (Zig:13)
  A jumping spider (Zig:12)
  4 slime creatures (Zig:11)
  A flying skull (Zig:10)
  51 dancing weapons
  A naga (Snake:4)
  An orc warrior (Zig:16)
  An ogre (Elf:2)
  An orc wizard (Elf:1)
  A mummy (Zig:10)
  2 orcs
  113 bushes
  41 fungi
  97 plants
  23 snaplasher vines
  2 starspawn tentacles (Zig:14)
  3 toadstools (Depths:1)
  5 withered plants (Zot:1)
459 creatures vanquished.

Grand Total: 2438 creatures vanquished

Notes
Turn   | Place    | Note
-------+----------+-------------------------------------------
     0 | D:1      | 112233 the Spriggan Enchanter began the quest for the Orb.
     0 | D:1      | Reached XP level 1. HP: 9/9 MP: 5/5
   106 | D:1      | Found Sepy's Antique Weapon Emporium.
   141 | D:1      | Reached skill level 5 in Stealth
   153 | D:1      | Found Qomeihem's Distillery.
   214 | D:1      | Reached XP level 2. HP: 13/13 MP: 6/6
   217 | D:1      | Learned a level 2 spell: Ensorcelled Hibernation
   319 | D:1      | Found a faded altar of an unknown god.
   781 | D:2      | Found a bloodstained altar of Trog.
   955 | D:2      | Found Saugh's Vocational Training.
  1030 | D:2      | Reached XP level 3. HP: 16/16 MP: 2/8
  1929 | D:3      | Found an ornate altar of the Wu Jian Council.
  2178 | D:3      | Reached skill level 3 in Dodging
  2186 | D:3      | Reached XP level 4. HP: 21/21 MP: 6/9
  2810 | D:4      | Reached XP level 5. HP: 24/24 MP: 2/11
  2920 | D:4      | Learned a level 3 spell: Confusing Touch
  2983 | D:4      | Learned a level 3 spell: Tukima's Dance
  3179 | D:5      | Entered Level 5 of the Dungeon
  3289 | D:5      | Reached skill level 4 in Dodging
  3569 | D:5      | Noticed an orc warrior
  3628 | D:5      | Reached XP level 6. HP: 28/28 MP: 13/13
  3634 | D:5      | Found a stormy altar of Qazlal.
  3708 | D:6      | Noticed a sky beast
  3732 | D:6      | Noticed Sigmund
  3737 | D:6      | Killed a sky beast
  3738 | D:6      | Reached skill level 5 in Hexes
  3914 | D:6      | Killed Sigmund
  3915 | D:6      | Reached skill level 5 in Dodging
  3915 | D:6      | Reached XP level 7. HP: 30/32 MP: 9/15
  3997 | D:6      | Reached skill level 5 in Spellcasting
  4032 | D:6      | Noticed Eustachio
  4064 | D:6      | Killed Eustachio
  4257 | D:6      | Noticed a steam dragon
  4424 | D:5      | Reached skill level 6 in Dodging
  4424 | D:5      | Reached XP level 8. HP: 37/37 MP: 13/17
  4432 | D:5      | Reached skill level 1 in Fighting
  4522 | D:5      | Identified the +9 whip of Abomination {flame, *Noise rC+
                  | Dex+4 SInv}
  4699 | D:5      | Found a white marble altar of Elyvilon.
  5091 | D:4      | Found Wuet's Lightly-Used Armoury.
  6603 | D:5      | Reached skill level 10 in Stealth
  7084 | D:6      | Found a staircase to the Ecumenical Temple.
  7096 | Temple   | Entered the Ecumenical Temple
  7118 | Temple   | Reached skill level 7 in Dodging
  7160 | Temple   | Became a worshipper of Gozag Ym Sagoz the Greedy
  7485 | D:6      | Reached XP level 9. HP: 43/43 MP: 19/19
  9203 | D:7      | Noticed a queen bee
  9218 | D:7      | Found a transporter.
  9223 | D:7      | Found a transporter.
 10263 | D:8      | Reached skill level 8 in Dodging
 10750 | D:8      | Reached skill level 5 in Short Blades
 11290 | D:8      | Found Siapoh's Book Shoppe.
 11298 | D:8      | Bought a book of Hexes for 360 gold pieces
 11306 | D:8      | Noticed an angel
 11307 | D:8      | Found a glowing silver altar of Zin.
 11605 | D:9      | Reached XP level 10. HP: 49/49 MP: 22/22
 11621 | D:9      | Noticed an elephant
 11628 | D:9      | Noticed Prince Ribbit
 11644 | D:9      | Killed Prince Ribbit
 11656 | D:9      | Killed an elephant
 11948 | D:9      | Noticed a two-headed ogre
 11964 | D:9      | Killed a two-headed ogre
 11965 | D:9      | Reached skill level 9 in Dodging
 12041 | D:9      | Found a staircase to the Orcish Mines.
 12099 | Orc:1    | Entered Level 1 of the Orcish Mines
 12550 | D:9      | Noticed a two-headed ogre
 12560 | D:9      | Killed a two-headed ogre
 12791 | D:9      | Found a staircase to the Lair.
 13115 | D:9      | Reached skill level 5 in Fighting
 13191 | D:9      | Reached skill level 10 in Dodging
 13355 | D:9      | Found a hazy altar of Hepliaklqana.
 13538 | Orc:1    | Noticed an orc high priest
 13553 | Orc:2    | Entered Level 2 of the Orcish Mines
 13646 | Orc:2    | Reached XP level 11. HP: 37/55 MP: 22/25
 13942 | D:9      | Killed an orc high priest
 14159 | Orc:1    | Learned a level 1 spell: Apportation
 14164 | Orc:1    | Learned a level 4 spell: Cause Fear
 14478 | Orc:1    | Noticed an orc sorcerer
 14711 | Orc:1    | Noticed a sixfirhy
 15028 | Orc:1    | Killed an orc sorcerer
 15063 | Orc:1    | Noticed an orc high priest
 15076 | Orc:1    | Killed an orc high priest
 15813 | Orc:2    | Noticed an orc warlord
 16263 | Orc:2    | Reached skill level 10 in Spellcasting
 16465 | D:10     | Entered Level 10 of the Dungeon
 16560 | D:10     | Reached skill level 11 in Dodging
 17271 | D:10     | Found a glowing golden altar of the Shining One.
 17650 | D:10     | Noticed a two-headed ogre
 17681 | D:10     | Killed a two-headed ogre
 18140 | D:11     | Noticed Maurice
 18178 | D:11     | Killed Maurice
 18255 | D:11     | Noticed a boulder beetle
 18256 | D:11     | Noticed a cyan ugly thing
 18258 | D:11     | Noticed a tengu warrior
 18606 | Lair:1   | Entered Level 1 of the Lair of Beasts
 18667 | Lair:1   | Reached skill level 12 in Dodging
 18965 | Lair:1   | Reached XP level 12. HP: 51/62 MP: 25/28
 20287 | Lair:2   | Noticed a catoblepas
 20309 | Lair:2   | Killed a catoblepas
 20373 | Lair:2   | Found a staircase to the Shoals.
 20686 | Lair:2   | Reached skill level 13 in Dodging
 21045 | Lair:3   | Found a staircase to the Snake Pit.
 21462 | Lair:3   | Found a runed translucent door.
 21769 | Lair:3   | Got the Quarto of the Blink Frog and Bringing Forth
 21909 | Orc:1    | Learned a level 2 spell: Blink
 22061 | D:9      | Bought a scroll of teleportation for 81 gold pieces
 22061 | D:9      | Bought a scroll of magic mapping for 202 gold pieces
 22061 | D:9      | Bought 2 potions of heal wounds for 270 gold pieces
 22061 | D:9      | Bought a potion of invisibility for 216 gold pieces
 22061 | D:9      | Bought a scroll of identify for 54 gold pieces
 22061 | D:9      | Bought a copper ring for 135 gold pieces
 22550 | Lair:3   | Noticed a four-headed hydra
 22555 | Lair:3   | Killed a four-headed hydra
 22942 | Lair:3   | Reached skill level 14 in Dodging
 22973 | Lair:3   | Found a runed translucent gate.
 22973 | Lair:3   | Identified the +2 whip "Lifebane" {antimagic, rElec rPois
                  | rF+}
 22973 | Lair:3   | Noticed a boulder beetle
 22974 | Lair:3   | Found a runed translucent gate.
 22976 | Lair:3   | Found a runed translucent gate.
 22976 | Lair:3   | Found a runed translucent gate.
 22976 | Lair:3   | Found a runed translucent gate.
 22978 | Lair:3   | Found a runed translucent gate.
 22978 | Lair:3   | Noticed a boulder beetle
 23161 | Lair:4   | Noticed Snorg
 23168 | Lair:4   | Killed Snorg
 23230 | Lair:4   | Found a runed translucent door.
 23232 | Lair:4   | Noticed an acid blob
 23232 | Lair:4   | Found a staircase to the Slime Pits.
 23258 | Lair:4   | Reached XP level 13. HP: 69/69 MP: 19/31
 24048 | Lair:5   | Entered Level 5 of the Lair of Beasts
 24549 | Lair:5   | Reached skill level 15 in Dodging
 25794 | Lair:5   | Reached skill level 10 in Fighting
 25794 | Lair:5   | Reached skill level 16 in Dodging
 26215 | Lair:5   | Found a large runed translucent door.
 26216 | Lair:5   | Found a large runed translucent door.
 26241 | Lair:5   | Reached skill level 15 in Spellcasting
 26395 | Lair:5   | Reached XP level 14. HP: 56/77 MP: 34/34
 28182 | Orc:1    | Killed an orc warlord
 28486 | Orc:2    | Found Neqiepikk's Antique Weapon Shoppe.
 28727 | Orc:2    | Found a staircase to the Elven Halls.
 28878 | Orc:2    | Reached skill level 17 in Dodging
 28927 | Orc:2    | Found Howeuserch's Book Boutique.
 29069 | Orc:2    | Found a runed translucent door.
 29070 | Orc:2    | Noticed Opifex's ghost (journeyman HOMo)
 29104 | Orc:2    | Found Mubim's General Store.
 29112 | Orc:2    | Bought a scroll of identify for 32 gold pieces
 29112 | Orc:2    | Bought a scroll of fear for 64 gold pieces
 29112 | Orc:2    | Bought a potion of might for 64 gold pieces
 29115 | Orc:2    | Identified 3 scrolls of acquirement
 29117 | Orc:2    | Acquired 855 gold pieces
 29157 | Orc:2    | Found Vounkiehyu's Antique Armour Shoppe.
 29461 | Orc:2    | Acquired the +9 staff of Wucad Mu {*channel}
 29461 | Orc:2    | Found the +9 staff of Wucad Mu {*channel}
 29463 | Orc:2    | Acquired 415 gold pieces
 29694 | D:2      | Bought a manual of Evocations for 1040 gold pieces
 31333 | D:12     | Reached skill level 1 in Evocations
 32364 | D:13     | Reached skill level 5 in Evocations
 32985 | D:14     | Noticed Lodul
 33080 | D:14     | Killed Lodul
 33445 | D:14     | Reached XP level 15. HP: 72/83 MP: 25/36
 33736 | D:14     | You fall into a shaft and drop 1 floor!
 33736 | D:15     | Entered Level 15 of the Dungeon
 33744 | D:15     | Noticed Nessos
 33758 | D:15     | Killed Nessos
 33830 | D:15     | Reached skill level 18 in Dodging
 33830 | D:15     | Reached skill level 10 in Evocations
 35170 | D:13     | Found a gate to the Vaults.
 36315 | Orc:2    | Bought the brooch of Shielding {Spirit SH+8} for 845 gold
                  | pieces
 36315 | Orc:2    | Found the brooch of Shielding {Spirit SH+8}
 36384 | Elf:1    | Entered Level 1 of the Elven Halls
 37350 | D:15     | Found a staircase to the Depths.
 37485 | Depths:1 | Entered Level 1 of the Depths
 37778 | Depths:1 | Found Tiusacaa's Magic Scroll Shop.
 37778 | Depths:1 | Found Abramnuj's Magic Scroll Boutique.
 37783 | Depths:1 | Found Wipaar's Magic Scroll Boutique.
 37793 | Depths:1 | Found Gediatarr's Magic Scroll Shop.
 37887 | Depths:1 | Bought a scroll of teleportation for 45 gold pieces
 37887 | Depths:1 | Bought a scroll of noise for 15 gold pieces
 37893 | Depths:1 | Bought a scroll of fog for 52 gold pieces
 37893 | Depths:1 | Bought a scroll of summoning for 123 gold pieces
 37893 | Depths:1 | Bought a scroll of teleportation for 39 gold pieces
 37893 | Depths:1 | Bought a scroll of teleportation for 39 gold pieces
 37893 | Depths:1 | Bought a scroll of magic mapping for 97 gold pieces
 37899 | Depths:1 | Bought a scroll of summoning for 180 gold pieces
 37907 | Depths:1 | Bought a scroll of fog for 72 gold pieces
 37907 | Depths:1 | Bought a scroll of fog for 72 gold pieces
 37907 | Depths:1 | Bought a scroll of amnesia for 72 gold pieces
 37960 | Depths:1 | Bought a scroll of identify for 38 gold pieces
 38056 | Depths:1 | Found a gateway to Hell.
 38108 | Depths:1 | Noticed a fire giant
 38186 | Depths:2 | Noticed a fire giant
 38186 | Depths:2 | Noticed a frost giant
 38186 | Depths:2 | Found a one-way gate to the infinite horrors of the Abyss.
 38413 | Depths:1 | Reached skill level 15 in Evocations
 38648 | D:15     | Noticed Josephine
 38659 | D:15     | Killed Josephine
 40067 | Elf:1    | Paralysed by an air elemental for 1 turns
 40277 | Elf:1    | Noticed Frances
 40665 | D:15     | Reached skill level 10 in Hexes
 40978 | D:15     | Reached XP level 16. HP: 88/88 MP: 25/38
 41178 | D:15     | Reached skill level 19 in Dodging
 41479 | Snake:1  | Entered Level 1 of the Snake Pit
 42207 | Snake:1  | Found Jutoudd's Assorted Antiques.
 42212 | Snake:1  | Bought a scroll of teleportation for 87 gold pieces
 42212 | Snake:1  | Bought a wand of paralysis (5) for 348 gold pieces
 42212 | Snake:1  | Bought a scroll of teleportation for 87 gold pieces
 42795 | Snake:2  | Noticed Vashnia
 43065 | Shoals:1 | Entered Level 1 of the Shoals
 43221 | Shoals:1 | Reached XP level 17. HP: 94/94 MP: 38/40
 43441 | Shoals:2 | Found Sanoe's Assorted Antiques.
 43494 | Shoals:2 | Bought a potion of mutation for 240 gold pieces
 43892 | Shoals:4 | Entered Level 4 of the Shoals
 43954 | Shoals:2 | Noticed Polyphemus
 44294 | Shoals:1 | Identified the +7 hand axe of Dismemberment {flame, rPois
                  | Str+4}
 44351 | Shoals:1 | Found a runed translucent door.
 44518 | Shoals:1 | Acquired the +2 hat of Virtue {rF+ rC++}
 45454 | Shoals:1 | Identified the +8 great sword of Qurrot {vamp, rN+ Str+2
                  | Dex+3}
 45467 | Shoals:1 | Reached skill level 20 in Dodging
 45771 | Shoals:1 | Found Heracles's Dragon-Slaying Spoils.
 46927 | Snake:2  | Identified the ring "Buutyu" {rC- rCorr Dex+7}
 48806 | Orc:2    | Bought a manual of Ice Magic for 1360 gold pieces
 49134 | Shoals:2 | Reached skill level 1 in Ice Magic
 49145 | Shoals:2 | Killed Polyphemus
 49222 | Shoals:2 | Found Laurphir's Firing Range.
 50253 | Shoals:3 | Noticed Mara
 50268 | Shoals:3 | Killed Mara
 50269 | Shoals:3 | Reached XP level 18. HP: 75/100 MP: 29/41
 50577 | Shoals:4 | Noticed Donald
 50579 | Shoals:4 | Killed Donald
 52110 | Shoals:4 | Noticed Louise
 52771 | Shoals:4 | Got a barnacled rune of Zot
 52780 | Shoals:4 | Killed Louise
 55321 | Snake:4  | Entered Level 4 of the Snake Pit
 55431 | Snake:4  | Bought a potion of heal wounds for 105 gold pieces
 55431 | Snake:4  | Bought a potion of magic for 168 gold pieces
 55731 | Snake:3  | Reached skill level 21 in Dodging
 55764 | Snake:3  | Learned a level 5 spell: Summon Mana Viper
 59496 | Snake:4  | Learned a level 5 spell: Summon Forest
 59768 | Snake:4  | Reached skill level 1 in Translocations
 60491 | Snake:4  | Reached skill level 1 in Summonings
 60941 | Snake:4  | Got a serpentine rune of Zot
 60990 | Snake:4  | Found an ornate altar of the Wu Jian Council.
 61783 | Snake:2  | Killed Vashnia
 61788 | Snake:2  | Reached XP level 19. HP: 37/106 MP: 3/43
 62716 | Vaults:1 | Entered Level 1 of the Vaults
 62781 | D:13     | Learned a level 8 spell: Discord
 62994 | Elf:2    | Found a glowing golden altar of the Shining One.
 62994 | Elf:2    | Noticed Zenata
 64039 | Elf:2    | Found a runed translucent gate.
 64039 | Elf:2    | Found a runed translucent gate.
 64039 | Elf:2    | Found a runed translucent gate.
 64060 | Elf:1    | Found Eretill's Book Boutique.
 64455 | Elf:2    | Paralysed by an air elemental for 1 turns
 64630 | Elf:2    | Identified the +11 flail "Xytrezo" {flame, rElec rF+ rCorr
                  | Str-3}
 64668 | Elf:2    | Found a white marble altar of Elyvilon.
 64680 | Elf:2    | Found a glowing silver altar of Zin.
 65308 | Elf:1    | Reached skill level 5 in Translocations
 65762 | Elf:1    | Gained mutation: You occasionally lose the ability to drink
                  | potions when taking damage. [a neqoxec]
 65768 | Elf:2    | Noticed zibby's ghost (adept DsGl)
 65768 | Elf:2    | Noticed M4edhros's ghost (adept OpAr)
 65768 | Elf:2    | Found the +2 cloak of the Thief {*Fog Slay-2 SInv Stlth+}
 65772 | Elf:3    | Entered Level 3 of the Elven Halls
 66184 | Elf:1    | Killed Frances
 66907 | Elf:1    | Found a runed translucent gate.
 66907 | Elf:1    | Found a runed translucent gate.
 66907 | Elf:1    | Found a runed translucent gate.
 66907 | Elf:1    | Found a runed translucent gate.
 66907 | Elf:1    | Found a runed translucent gate.
 66908 | Elf:1    | Found a runed translucent gate.
 68735 | Vaults:1 | Reached skill level 22 in Dodging
 69868 | Vaults:1 | Identified the +6 scale mail "Wakiepp" {Contam rC+ Int+5}
 70936 | Vaults:1 | Reached XP level 20. HP: 51/112 MP: 1/45
 73890 | Depths:1 | Learned a level 7 spell: Enfeeble
 74120 | Depths:1 | Found a white marble altar of Elyvilon.
 74199 | Depths:2 | Found a one-way gateway to a ziggurat.
 74519 | D:8      | Bought a book of Burglary for 200 gold pieces
 74820 | Depths:2 | Found a one-way gate leading to the halls of Pandemonium.
 75131 | Depths:2 | Reached skill level 5 in Summonings
 75717 | Depths:2 | Found a glowing golden altar of the Shining One.
 76114 | Depths:3 | Learned a level 2 spell: Passwall
 76494 | Shoals:2 | Bought a manual of Translocations for 1120 gold pieces
 76503 | Shoals:2 | Learned a level 8 spell: Disjunction
 77850 | Depths:2 | Reached skill level 10 in Translocations
 78624 | Depths:2 | Got Kifisin's Discourse on Apparitions and Excavation
 79375 | Depths:2 | Reached skill level 15 in Fighting
 81088 | Depths:1 | Lost mutation: You occasionally lose the ability to drink
                  | potions when taking damage. [potion of mutation]
 81088 | Depths:1 | Gained mutation: You are partially covered in iridescent
                  | scales. (AC +2) [potion of mutation]
 81088 | Depths:1 | Gained mutation: You are vulnerable to heat. (rF-) [potion
                  | of mutation]
 81088 | Depths:1 | Gained mutation: Your magical capacity is low. (-10% MP)
                  | [potion of mutation]
 81088 | Depths:1 | Gained mutation: Your flesh is cold resistant. (rC+)
                  | [potion of mutation]
 81089 | Depths:1 | Lost mutation: Your flesh is cold resistant. (rC+) [potion
                  | of mutation]
 81089 | Depths:1 | Lost mutation: Your magical capacity is low. (-10% MP)
                  | [potion of mutation]
 81089 | Depths:1 | Gained mutation: You expend magic power (3 MP) to
                  | strengthen your wands. [potion of mutation]
 81089 | Depths:1 | Gained mutation: You are dopey. (Int -2) [potion of
                  | mutation]
 81089 | Depths:1 | Gained mutation: You have an increased reservoir of magic.
                  | (+10% MP) [potion of mutation]
 81090 | Depths:1 | Lost mutation: You are vulnerable to heat. (rF-) [potion of
                  | mutation]
 81090 | Depths:1 | Lost mutation: You are partially covered in iridescent
                  | scales. (AC +2) [potion of mutation]
 81090 | Depths:1 | Gained mutation: Your system is resistant to poisons.
                  | (rPois) [potion of mutation]
 81609 | Depths:2 | Identified the +6 scimitar "Konukhyk" {freeze, rPois rN+
                  | Dex+4}
 81610 | Depths:2 | Identified the +3 rapier of Raggeree {freeze, Dex+7}
 81625 | Depths:2 | Reached XP level 21. HP: 117/117 MP: 52/52
 81643 | Depths:2 | Reached skill level 23 in Dodging
 82537 | Depths:3 | Found an iron altar of Okawaru.
 82968 | Depths:3 | Reached skill level 15 in Translocations
 84251 | Depths:3 | Noticed Frederick
 84282 | Depths:3 | Killed Frederick
 84527 | Depths:3 | Learned a level 5 spell: Yara's Violent Unravelling
 84728 | Depths:3 | Found Poiti's Antique Armour Shoppe.
 84741 | Depths:3 | Bought a runed robe for 133 gold pieces
 86034 | Depths:4 | Entered Level 4 of the Depths
 86119 | Depths:4 | Noticed a golden dragon
 86407 | Depths:4 | Killed a golden dragon
 88843 | Elf:2    | Noticed Deamich's ghost (journeyman DsBr)
 89792 | Elf:2    | Killed Zenata
 91156 | Elf:2    | Found a runed translucent gate.
 91156 | Elf:2    | Found a runed translucent gate.
 91167 | Elf:2    | Found a runed translucent gate.
 91676 | Elf:2    | Learned a level 6 spell: Dispersal
 91953 | Elf:3    | Identified Roxanne's Volume of Variation
 91953 | Elf:3    | Noticed Roxanne
 92610 | Elf:3    | Identified the +9 plate armour "Uhim" {Str+3 Int+5 Dex+3}
 92624 | Elf:3    | Reached skill level 15 in Hexes
 92653 | Elf:3    | Found the ring of the Octopus King {rN+ HP+2 AC+2 EV+2
                  | SH+2}
 92916 | Elf:3    | Reached XP level 22. HP: 123/123 MP: 23/54
 92931 | Elf:3    | Identified the +4 demon whip "Beastbane" {drain, rElec
                  | Dex+3}
 92997 | Elf:3    | Identified the +11 dagger of Chance {venom, rElec Str+3}
 94071 | Elf:3    | Paralysed by an air elemental for 1 turns
 94278 | Elf:2    | Learned a level 5 spell: Borgnjor's Vile Clutch
 94382 | Elf:3    | Identified the +8 longbow of Foma {drain, rElec rC+ rCorr}
 94794 | Elf:3    | Got the Compilation of Algor
 94815 | Elf:3    | Identified the +1 mace "Ultimatum" {holy, +Blink rF+ rC+++
                  | Int-4}
 94839 | Elf:3    | Identified the +8 long sword of Xom's Favour {heavy,
                  | *Corrode Fly rN++}
 94839 | Elf:3    | Identified the ring of Ustrasol {rN+ Str+7 SInv}
 95782 | Elf:3    | Learned a level 4 spell: Manifold Assault
 95836 | Elf:3    | Killed Roxanne
 96010 | D:9      | Bought a wand of paralysis (7) for 588 gold pieces
 96010 | D:9      | Bought a wand of acid (6) for 882 gold pieces
 96329 | Depths:4 | Noticed Mennas
 96973 | Depths:4 | Found a gate to the Realm of Zot.
 97129 | Depths:4 | Killed Mennas
 97130 | Depths:4 | Reached skill level 24 in Dodging
 97467 | Depths:4 | Noticed Xtahua
 98186 | Depths:4 | Killed Xtahua
 99368 | Vaults:2 | Found Zisipt's Assorted Antiques.
 99377 | Vaults:2 | Bought a scroll of blinking for 262 gold pieces
 99377 | Vaults:2 | Bought a scroll of teleportation for 105 gold pieces
 99504 | Vaults:2 | Found a staircase to the Crypt.
100888 | Vaults:2 | Found a large runed translucent door.
100888 | Vaults:2 | Found a large runed translucent door.
100888 | Vaults:2 | Found a large runed translucent door.
100888 | Vaults:2 | Found a large runed translucent door.
100888 | Vaults:2 | Found a large runed translucent door.
100888 | Vaults:2 | Found a large runed translucent door.
100888 | Vaults:2 | Found a large runed translucent door.
100888 | Vaults:2 | Found a large runed translucent door.
100888 | Vaults:2 | Noticed Oshuy's ghost (adept GrFi)
101281 | Vaults:2 | Noticed a dread lich
101287 | Vaults:2 | Killed a dread lich
101598 | Vaults:2 | Acquired 496 gold pieces
103341 | Vaults:3 | Noticed Nikola
103354 | Vaults:3 | Killed Nikola
104035 | Vaults:3 | Reached XP level 23. HP: 115/129 MP: 3/56
104233 | Vaults:3 | Noticed Sojobo
104249 | Vaults:3 | Killed Sojobo
104962 | Vaults:3 | Identified the +6 arbalest of Excruciating Pain {flame,
                  | +Blink rN+ Str+2 Stlth+}
105595 | Vaults:4 | Reached skill level 25 in Dodging
107117 | Vaults:4 | Identified the +1 flail of Unreason {drain, rC+}
107385 | Vaults:4 | Reached skill level 1 in Transmutations
107400 | Vaults:4 | Gained mutation: Your body sometimes deteriorates upon
                  | taking damage. [you]
107662 | Vaults:5 | Entered Level 5 of the Vaults
108980 | Vaults:4 | Learned a level 6 spell: Statue Form
109072 | Vaults:5 | Reached skill level 1 in Earth Magic
109248 | Vaults:5 | Identified the +7 long sword of the Undead {protect, rF+
                  | rC+ Stlth-}
109274 | Vaults:5 | Learned a level 6 spell: Summon Cactus Giant
109353 | Vaults:5 | Reached skill level 5 in Transmutations
109574 | Vaults:5 | Noticed an ancient lich
109578 | Vaults:5 | Noticed an ancient lich
109614 | Vaults:5 | Killed an ancient lich
110417 | Vaults:5 | Noticed a dread lich
110427 | Vaults:5 | Killed a dread lich
110723 | Vaults:5 | Identified the ring "Gotaur" {Fly rElec rPois Str-5 Slay+5}
110738 | Vaults:5 | Reached XP level 24. HP: 131/136 MP: 4/57
110953 | Vaults:5 | Identified the +7 morningstar "Qiateg" {flame, Int+3}
111438 | Vaults:5 | Identified the +3 leather armour of Ogush {Will++}
113385 | Elf:2    | Learned a level 5 spell: Summon Mana Viper
113420 | Elf:1    | Killed zibby's ghost
113639 | Elf:1    | Killed Deamich's ghost
113793 | Elf:2    | Killed M4edhros's ghost
114816 | Vaults:5 | Got the Annotations on the Hyperbolic Entourage
114932 | Vaults:5 | Killed an ancient lich
115150 | Vaults:5 | Got a silver rune of Zot
115532 | Vaults:5 | Got the Folio of the Brume
116321 | Vaults:2 | Killed Oshuy's ghost
116947 | Zot:1    | Entered Level 1 of the Realm of Zot
117852 | Zot:1    | Reached skill level 26 in Dodging
119599 | Zot:1    | Noticed an orb of fire
119811 | Depths:2 | Learned a level 5 spell: Irradiate
119814 | Zig:1    | Entered Level 1 of a ziggurat
119843 | Zig:2    | Entered Level 2 of a ziggurat
119844 | Zig:2    | Noticed Qeuxzo Xeipn the pandemonium lord
119894 | Zig:2    | Killed Qeuxzo Xeipn the pandemonium lord
120170 | Zig:2    | Identified the ring "Setujocu" {Fire Str+2 SInv Stlth+}
120178 | Zig:3    | Entered Level 3 of a ziggurat
120386 | Zig:3    | Identified the +2 morningstar "Hunuah" {freeze, Str+3
                  | Dex+2}
120407 | Zig:4    | Entered Level 4 of a ziggurat
120410 | Zig:4    | Found the +8 demon blade "Leech" {evervamp, Harm Drain rN+}
120476 | Zig:4    | Reached XP level 25. HP: 133/133 MP: 38/57
120655 | Zig:5    | Entered Level 5 of a ziggurat
120879 | Zig:6    | Entered Level 6 of a ziggurat
120892 | Zig:6    | Reached skill level 27 in Dodging
121170 | Zig:6    | Got the Teachings on Tropical Allies
121179 | Zig:6    | Learned a level 7 spell: Malign Gateway
121186 | Zig:6    | Identified the +6 flail "Ocuhean" {freeze, *Noise Will+
                  | MP+9 Dex+6}
121189 | Zig:6    | Identified the +9 scale mail of Dim Light {Will- Regen+
                  | Int+4}
121197 | Zig:7    | Entered Level 7 of a ziggurat
121288 | Zig:7    | Identified the +6 hand axe "Aziohom" {heavy, rC+}
121319 | Zig:7    | Identified the +2 great sword "Pontaat" {freeze, rPois
                  | rN+++ Str-2 Dex-2}
121323 | Zig:8    | Entered Level 8 of a ziggurat
121376 | Zig:8    | Found the +7 sceptre of Torment {pain, torment}
121446 | Zig:8    | Identified the ring "Puneuja" {rElec Dex+5 SInv}
121457 | Zig:8    | Got the Incunabulum of Paper
121531 | Zig:9    | Entered Level 9 of a ziggurat
121542 | Zig:9    | Noticed a Killer Klown
121543 | Zig:9    | Noticed a Killer Klown
121559 | Zig:9    | Killed a Killer Klown
121568 | Zig:9    | Killed a Killer Klown
121754 | Zig:9    | Got the Almanac of the Iceberg
121757 | Zig:9    | Identified the ring of Noniamonee {Drain Will- MP+9 Str+9}
121763 | Zig:9    | Acquired 998 gold pieces
121813 | Zig:10   | Entered Level 10 of a ziggurat
121840 | Zig:10   | Noticed a royal mummy
121852 | Zig:10   | Killed a royal mummy
122074 | Zig:10   | Got the Folio of the Mercurial Rocks
122123 | Zig:11   | Entered Level 11 of a ziggurat
122263 | Zig:11   | Identified the +7 ice dragon scales of Xom's Generosity
                  | {rF- rC++ SInv}
122270 | Zig:11   | Reached XP level 26. HP: 141/141 MP: 58/58
122306 | Zig:12   | Entered Level 12 of a ziggurat
122321 | Zig:12   | Reached XP level 27. HP: 149/149 MP: 50/58
122440 | Zig:12   | Identified the +6 demon whip of Ambiguity {elec, Will+}
122442 | Zig:12   | Identified the +8 quarterstaff of Jaukkeez {freeze, Dex+4
                  | SInv}
122452 | Zig:12   | Identified the +1 pair of boots of the Beginning {Harm}
122499 | Zig:13   | Entered Level 13 of a ziggurat
122499 | Zig:13   | Noticed a dread lich
122505 | Zig:13   | Paralysed by a wendigo for 1 turns
122528 | Zig:13   | Killed a dread lich
123130 | Zig:13   | Identified the +8 war axe of Extermination {holy, Int+2
                  | Stlth+}
123156 | Zig:13   | Reached skill level 10 in Transmutations
123161 | Zig:14   | Entered Level 14 of a ziggurat
123671 | Zig:14   | Identified the ring "Wumeze" {+Blink rCorr Dex+2}
123711 | Zig:15   | Entered Level 15 of a ziggurat
123735 | Zig:15   | Noticed Gakatag the pandemonium lord
123735 | Zig:15   | Found the +11 plutonium sword {Contam Stlth-}
123738 | Zig:16   | Entered Level 16 of a ziggurat
123778 | Zig:16   | Noticed a juggernaut
123782 | Zig:16   | Noticed a juggernaut
123791 | Zig:16   | Reached skill level 1 in Staves
123791 | Zig:16   | Reached skill level 5 in Ice Magic
123791 | Zig:16   | Noticed a juggernaut
123793 | Zig:16   | Killed a juggernaut
123810 | Zig:16   | Killed a juggernaut
123819 | Zig:16   | Killed a juggernaut
124632 | Zig:16   | Identified the +8 scimitar of the Land of Plenty
                  | {antimagic, Drain rElec rPois Dex+5}
124650 | Zig:16   | Acquired 832 gold pieces
124705 | Zig:16   | Identified the +8 longbow "Wanibiku" {antimagic, rF+ rC-
                  | Will+}
124844 | Zot:1    | Killed an orb of fire
125897 | Shoals:2 | Bought a Necronomicon for 784 gold pieces
126197 | Depths:2 | Learned a level 7 spell: Ozocubu's Refrigeration
126301 | Depths:4 | Bought the Compendium of Accompaniment for 624 gold pieces
126350 | Zot:1    | Upgraded the game from 0.30-a0-845-g7c6808c8ce to
                  | 0.30-a0-851-gbd0d260d8e
126687 | Zot:1    | Found a runed translucent gate.
126687 | Zot:1    | Found a runed translucent gate.
126687 | Zot:1    | Found a runed translucent gate.
126688 | Zot:1    | Noticed Ubodu's ghost (legendary MiFi)
126689 | Zot:1    | Noticed Wyzoinim's ghost (legendary GrMo)
127265 | Zot:2    | Killed from afar by a yellow draconian annihilator

Illustrated notes

Levels and vault maps discovered:
D:1:      dpeg_arrival_boxorama, layout_basic, shapermc_ecumenical_altar_ellora,
          serial_shops, nicolae_square_shop,
          nicolae_shop_temple_entry_statues_fountains, minmay_parallelograms,
          minmay_octomino_c4
D:2:      layout_basic, basic_altar, nicolae_shop_vocational
D:3:      layout_loops_cross, mainiacjoe_overflow_concentric_impassable,
          serial_forest, infiniplex_forest_lined_3_way,
          infiniplex_forest_clump_large, infiniplex_forest_end_3,
          infiniplex_forest_straight_3, infiniplex_forest_clump_diagonal,
          infiniplex_forest_straight_2, infiniplex_forest_end_3
D:4:      layout_layer_cave, minmay_shop_damaged, minmay_misc_feat_more_columns,
          roderic_nine_men_s_morris, serial_bayou_pond_b,
          wad_floor_pattern_untrapped, kennysheep_nub
D:5:      layout_loops_ring, mainiacjoe_overflow_large_starburst,
          kennysheep_generic_room_16
D:6:      layout_layer_cave, minmay_temple_entry_arrows, minivault_26,
          uniq_eustachio, uniq_sigmund
D:7:      layout_loops_ring, gammafunk_ghost_hive
D:8:      layout_gridville, zin_angel, serial_shops, shop, chequers_garden
D:9:      layout_basic, worldfamousw_hep_ancestral_shrine, david_lair_generic,
          minmay_orc_entry_temple_small, uniq_prince_ribbit1
D:10:     layout_basic, mainiacjoe_overflow_surrounded_room,
          kennysheep_kite_vault
D:11:     layout_long_grid, minmay_radiant, uniq_maurice
D:12:     layout_basic
D:13:     layout_irregular_city, david_vaults_5,
          hellmonk_guarded_unrand_dark_maul
D:14:     layout_grid_maze, minmay_misc_feat_tiny, uniq_lodul
D:15:     hangedman_depths_entry_try_elsewhere_first, layout_loops_ring,
          chequers_serial_rivers_marsh, minmay_fractal_squares_5,
          uniq_josephine, uniq_nessos
Temple:   eino_temple_rhombus
Lair:1:   layout_chaotic_city
Lair:2:   layout_cave_pods, minmay_shoals_entry_centaurs, grunt_megastairs_3
Lair:3:   gammafunk_indiana_jones, layout_regular_city,
          guppyfry_snake_entry_garden, minivault_19, infiniplex_staircase_pool
Lair:4:   layout_loops_ring, slime_entry_2, grunt_megastairs_2,
          lemuel_fruit_fields, uniq_snorg
Lair:5:   cheibrodos_lair_end_hotspot, layout_long_grid, dpeg_oklob_1
Shoals:1: nicolae_shoals_offshore_bank_account, layout_shoals,
          nicolae_shop_dragon_depot, hangedman_shoal_volcano
Shoals:2: layout_shoals, serial_shops, nicolae_shop_behind_doors,
          nicolae_shop_firing_range, uniq_polyphemus
Shoals:3: layout_shoals, uniq_mara
Shoals:4: shoals_end_grunt_ice, layout_shoals, uniq_louise, uniq_donald
Snake:1:  layout_rooms, serial_shops, nicolae_shop_overgrown_old_shop
Snake:2:  layout_misc_corridors, uniq_vashnia
Snake:3:  layout_chambers, nicolae_triple_integral
Snake:4:  grunt_snake_rune_serpentine_throne, layout_cave_town, basic_altar,
          serial_bayou_shore_b, serial_bayou_shore_a, uniq_aizul
Orc:1:    layout_diamond_mine, nicolae_orc_sculptors_studio,
          kennysheep_orc_chapel
Orc:2:    grunt_orc_gardens, layout_diamond_mine, grunt_orc_garden,
          grunt_orc_garden, grunt_orc_garden, grunt_orc_garden,
          ebering_ghost_inner_flame
Elf:1:    layout_loops_cross, serial_shops, shop_statue, orc_legates,
          grunt_ministairs_13, nicolae_elf_m_pinch, hangedman_elven_pyramids,
          uniq_frances
Elf:2:    elven_hall_of_blades_hangedman_original
          [nicolae_blade_entry_pointy_end], layout_loops_cross,
          gammafunk_ghost_cemetery, portal_desolation_entry_holy_temple,
          minivault_20, uniq_zenata
Elf:3:    grunt_elf_hall_spiral, layout_geoelf_octagon, minivault_25_ag,
          minivault_4, hex_medium, guppyfry_elf_garden, uniq_roxanne
Vaults:1: v_misc_9, v_misc_9, vaults_room_large_hall, vaults_mumra_bighexcomb,
          vaults_room_corners, hangedman_vaults_trim, v_misc_15, v_rooms_5,
          v_misc_8, vaults_dpeg_emergency_exit, vaults_dpeg_ring,
          nicolae_vaults_little_squares_1, vaults_room_grunt_arrival_ludios,
          nicolae_vaults_circle_grid_b, ontoclasm_vaults_ligature,
          nicolae_vaults_asterisk, nicolae_vaults_little_squares_2,
          layout_vaults_omnibox
Vaults:2: advil_vaults_ghost_lines, st_check, v_misc_29, vaults_room_corners,
          nicolae_vaults_alarming, vaults_room_grid, v_pattern_2,
          nicolae_vaults_ring_of_whatevers, nicolae_vaults_little_squares_5,
          v_misc_1, vaults_room_door_hall, layout_vaults_big_room,
          blue_anna_dwarven_crypt, serial_shops, shop
Vaults:3: nicolae_vaults_network_quincunx
          [nicolae_vaults_network_quincunx_subvault,
          nicolae_vaults_network_quincunx_subvault,
          nicolae_vaults_network_quincunx_subvault,
          nicolae_vaults_network_quincunx_subvault,
          nicolae_vaults_network_quincunx_subvault], dpeg_vaults_hating_casters,
          v_misc_18, v_misc_23, v_alt_pattern_6, nicolae_vaults_specimen_jars,
          vaults_dpeg_hooks, grunt_vaults_hallway_long,
          nicolae_vaults_border_crossing, layout_vaults_quadrants, uniq_nikola,
          uniq_sojobo
Vaults:4: st_hourglassy, v_misc_30, nicolae_vaults_big_angled_halls,
          nicolae_vaults_network_square, nicolae_vaults_back_hallway,
          ontoclasm_vaults_ring_small, vaults_room_corners, v_misc_8,
          grunt_vaults_bifocal, v_misc_12, v_misc_18, v_rooms_5,
          vaults_dpeg_cross, layout_vaults_maze
Vaults:5
Depths:1: layout_gridlike, minmay_misc_feat_pillars, hell_entry,
          minmay_gold_behind_fungi, dk_noncrumbling_4,
          minmay_misc_feat_enclosed, minmay_misc_feat_chi, library_closet,
          hangedman_decor_growths, nicolae_elyvilon_temple_path,
          minmay_shoptagon
Depths:2: nooodl_heptagram, layout_honeycomb, enter_ziggurat_e,
          nicolae_tso_carved_into_rock, rand_demon_pan_entry_5, hell_entry,
          abyss_entry
Depths:3: minmay_spriggan_fort, layout_honeycomb, okawaru_gym_becter,
          serial_shops, kennysheep_mini_moat, rand_demon_pan_entry_9,
          hell_entry, abyss_entry, skrybe_limestone_x,
          infiniplex_staircase_trident, uniq_frederick
Depths:4: evilmike_zot_entry_diamond, layout_honeycomb, abyss_entry, hell_entry,
          corexii_corridor_pit, rand_demon_pan_entry_8, drop_trap, uniq_mennas,
          uniq_xtahua
Zot:1:    layout_twisted_circle, gammafunk_ghost_cemetery, evilmike_ambush
          [evilmike_ambush_outer_corners, evilmike_ambush_inner_cross]
Zot:2:    layout_misc_corridors, st_stairs_10

Skill      XL: |  1  2  3  4  5  6  7  8  9 10 11 12 13 14 15 16 17 18 19 20 21 22 23 24 25 26 27 |
---------------+----------------------------------------------------------------------------------+-----
Stealth        | 5 6 7 8 9 10 11 | 11.5
Dodging        | 3 4 5 6 7 8 10 12 14 16 17 18 19 20 21 22 23 24 25 26 27 | 27.0
Spellcasting   | 3 4 5 6 7 9 11 13 15 16 17 18 19 20 21 22 23 24 25 26 | 26.6
Hexes          | 4 5 6 7 8 9 10 11 12 13 15 16 | 16.8
Fighting       | 2 3 5 6 8 10 11 12 13 14 15 16 17 18 | 18.5
Short Blades   | 3 5 6 8 |  8.0
Evocations     | 9 15 16 17 18 19 20 21 22 23 24 25 | 25.6
Ice Magic      | 2 3 8 |  8.6
Translocations | 2 7 13 19 | 19.5
Summonings     | 1 4 5 6 7 |  7.4
Transmutations | 6 9 10 | 10.3
Earth Magic    | 2 4 |  4.2
Staves         | 3 |  3.5

Action                     |  1- 3 |  4- 6 |  7- 9 | 10-12 | 13-15 | 16-18 | 19-21 | 22-24 | 25-27 || total
---------------------------+-------+-------+-------+-------+-------+-------+-------+-------+-------++-------
  Melee: Dagger            |   149 |    89 |   286 |   471 |   833 |   752 |  1301 |    91 |       ||  3972
         Punch             |     2 |       |     6 |     6 |    11 |     9 |    32 |    26 |       ||    92
         Staff             |       |       |       |       |    10 |       |       |    38 |    92 ||   140
         Quick blade       |       |       |       |       |       |       |       |  1172 |    38 ||  1210
         Trishula          |       |       |       |       |       |       |       |    14 |       ||    14
   Cast: Ensorcelled Hiber |    24 |    29 |   122 |   272 |   493 |   406 |   359 |       |       ||  1705
         Confusing Touch   |       |     2 |    30 |    35 |    60 |    49 |    50 |       |       ||   226
         Tukima's Dance    |       |       |    17 |    67 |    64 |   137 |    46 |       |       ||   331
         Cause Fear        |       |       |       |     3 |     3 |     2 |       |       |       ||     8
         Apportation       |       |       |       |     2 |    14 |    22 |       |     4 |       ||    42
         Blink             |       |       |       |       |     1 |     2 |     4 |    11 |     7 ||    25
         Summon Mana Viper |       |       |       |       |       |    45 |   152 |    34 |    12 ||   243
         Summon Forest     |       |       |       |       |       |     5 |    37 |    23 |    23 ||    88
         Enfeeble          |       |       |       |       |       |       |   228 |   293 |    42 ||   563
         Passwall          |       |       |       |       |       |       |    11 |     2 |       ||    13
         Discord           |       |       |       |       |       |       |    19 |    95 |    61 ||   175
         Yara's Violent Un |       |       |       |       |       |       |    12 |    36 |     6 ||    54
         Disjunction       |       |       |       |       |       |       |     2 |    21 |     8 ||    31
         Dispersal         |       |       |       |       |       |       |     2 |       |       ||     2
         Borgnjor's Vile C |       |       |       |       |       |       |       |    10 |    16 ||    26
         Manifold Assault  |       |       |       |       |       |       |       |    10 |     4 ||    14
         Summon Cactus Gia |       |       |       |       |       |       |       |     3 |       ||     3
         Statue Form       |       |       |       |       |       |       |       |     6 |    15 ||    21
         Malign Gateway    |       |       |       |       |       |       |       |       |    13 ||    13
         Irradiate         |       |       |       |       |       |       |       |       |     4 ||     4
         Ozocubu's Refrige |       |       |       |       |       |       |       |       |     1 ||     1
 Invoke: Potion Petition   |       |       |       |     1 |     1 |     1 |     2 |     2 |    13 ||    20
         Call Merchant     |       |       |       |     1 |     3 |     1 |     1 |     3 |     1 ||    10
Ability: Evoke Invisibilit |       |       |       |       |       |       |       |     1 |     1 ||     2
  Evoke: Wand              |       |       |     1 |     2 |    13 |    62 |    33 |    18 |     3 ||   132
         Phantom mirror    |       |       |       |       |     2 |     5 |     7 |     7 |     3 ||    24
         Condenser vane    |       |       |       |       |     1 |     7 |    14 |    12 |     6 ||    40
         Lightning rod     |       |       |       |       |       |       |    15 |    11 |     2 ||    28
         Phial of floods   |       |       |       |       |       |       |     2 |     3 |     1 ||     6
         Box of beasts     |       |       |       |       |       |       |       |     5 |     6 ||    11
         Tin of tremorston |       |       |       |       |       |       |       |     1 |     2 ||     3
    Use: Potion            |       |       |     4 |     1 |     6 |     8 |     8 |     5 |     5 ||    37
         Scroll            |       |       |     7 |     8 |    19 |     9 |    21 |    22 |    12 ||    98
   Stab: Sleeping          |    27 |    18 |    66 |   134 |   240 |   155 |   131 |    18 |     1 ||   790
         Confused          |       |     2 |    18 |    25 |    59 |    45 |    42 |       |       ||   191
         Invisible         |       |       |     3 |       |       |       |   126 |   192 |     6 ||   327
         Distracted        |       |       |     1 |     3 |     3 |     5 |    20 |    24 |     7 ||    63
         Petrifying        |       |       |       |       |     1 |       |       |       |       ||     1
         Paralysed         |       |       |       |       |     1 |     2 |     1 |       |       ||     4
 Armour: Robe              |    13 |     1 |    11 |    19 |    31 |    15 |    63 |    41 |     3 ||   197
         Skin              |       |       |       |       |       |       |       |    35 |    34 ||    69
  Dodge: Dodged            |    94 |    44 |   246 |   392 |   730 |   994 |  1509 |   910 |   259 ||  5178
  Block: Other             |       |       |       |       |    50 |   318 |   506 |   303 |    92 ||  1269

Table legend: (Time is in decaauts)
 A = Elapsed time spent in this place.
 B = Non-inter-level travel time spent in this place.
 C = Inter-level travel time spent in this place.
 D = Time resting spent in this place.
 E = Time spent auto-exploring this place.
 F = Levels seen in this place.
 G = Mean time per level.
                   A        B        C        D        E       F      G
               +--------+--------+--------+--------+--------+-----+--------+
         Total | 105734 |  97855 |   7879 |  42913 |  37450 |  61 | 1733.3 |
       Dungeon |  22644 |  18976 |   3668 |   5787 |   9979 |  15 | 1509.6 |
        Temple |     57 |     40 |     17 |      0 |     24 |   1 |   57.0 |
          Lair |   8079 |   6817 |   1262 |   2385 |   3076 |   5 | 1615.8 |
        Shoals |   7019 |   6614 |    405 |   2530 |   2455 |   4 | 1754.8 |
     Snake Pit |  10687 |  10476 |    211 |   6318 |   2647 |   4 | 2671.8 |
  Orcish Mines |   4217 |   3780 |    437 |   1851 |   1250 |   2 | 2108.5 |
   Elven Halls |  10946 |  10687 |    259 |   5619 |   2833 |   3 | 3648.7 |
        Vaults |  18266 |  17767 |    499 |   7537 |   7573 |   5 | 3653.2 |
        Depths |  17615 |  16575 |   1040 |   8007 |   5958 |   4 | 4403.8 |
           Zot |   1560 |   1483 |     77 |    354 |    751 |   2 |  780.0 |
      Ziggurat |   4641 |   4641 |      0 |   2520 |    899 |  16 |  290.1 |
               +--------+--------+--------+--------+--------+-----+--------+

Top non-repeatable levels by time:
Depths:2: 5777 daAuts
   Elf:1: 5232 daAuts
Depths:4: 5006 daAuts
Vaults:4: 4620 daAuts
 Snake:3: 4138 daAuts
Vaults:1: 4120 daAuts
Depths:3: 3876 daAuts
Vaults:5: 3496 daAuts
     D:9: 3239 daAuts
Vaults:2: 3159 daAuts
   Elf:2: 3091 daAuts
Depths:1: 2955 daAuts
 Snake:4: 2886 daAuts
Vaults:3: 2869 daAuts
 Snake:1: 2698 daAuts
